AoeStats
← Hijo de Putin

Arena

505684179Analyzed
4v4 RM · 22d ago on Sep 10, 2026· 54m 59s· 8 players
Game mode
Random Map
Map size
Large (8 player)
Population
200
Speed
Normal
Resources
Standard
Victory
Conquest
Starting age
Dark Age
Ending age
Imperial Age
RankedLock teamsTeams togetherTeam positionsShared explorationLock speedFull tech treeHidden civsTurbo modeCheats
Victory
Defeat
🇦🇷 Chinese · Argentina
1362
+9
🇨🇳 Slavs · China
1246
+13
🇨🇳 Bohemians · China
1226
+14
🇫🇮 Koreans · Finland
1178
+17
🇨🇳 Khmer · China
1224
-15
🇨🇳 Hindustanis · China
1221
-14
🇪🇸 Huns · Spain
1175
-13
🇪🇸 Magyars · Spain
1144
-11
SkullBump
11:10 Feudal Age
15:15 Castle Age
14:42 Double-Bit Axe
14:39 Horse Collar
19:52 Heavy Plow
21:45 Bow Saw
24:00 Stone Mining
24:01 Gold Mining
25:28 Wheelbarrow
24:38 Loom
26:56 Stone Shaft Mining
26:58 Gold Shaft Mining
27:17 Hand Cart
30:40 Imperial Age
28:33 Grand Trunk Road
30:20 Forging
30:10 Scale Mail Armor
30:48 Squires
30:34 Arson
31:55 Conscription
31:04 Elite Ghulam
32:49 Two-Man Saw
33:18 Hoardings
33:46 Chemistry
33:06 Ballistics
32:57 Masonry
32:52 Siege Engineers
32:43 Murder Holes
32:58 Fortified Wall
34:46 Iron Casting
34:27 Chain Mail Armor
34:52 Fletching
37:59 Blast Furnace
36:54 Bodkin Arrow
40:23 Coinage
39:54 Caravan
43:54 Banking
43:39 Bracer
52:30 Thumb Ring
52:28 Padded Archer Armor
55:34 Scale Barding Armor
Slingmachine
10:20 Feudal Age
14:40 Castle Age
13:59 Horse Collar
14:07 Double-Bit Axe
15:58 Bow Saw
20:30 Stone Mining
21:38 Gold Mining
21:40 Loom
22:32 Wheelbarrow
24:31 Heavy Plow
24:35 Fletching
25:33 Marauders
25:47 Scale Barding Armor
25:52 Forging
26:53 Bloodlines
26:44 Husbandry
27:07 Chain Barding Armor
28:54 Iron Casting
30:23 Hand Cart
37:48 Imperial Age
38:38 Light Cavalry
Hijo de Putin
11:20 Feudal Age
15:02 Castle Age
14:12 Town Watch
19:42 Wheelbarrow
22:08 Loom
25:57 Fletching
25:57 Double-Bit Axe
28:10 Scale Barding Armor
28:58 Horse Collar
29:12 Gold Mining
29:14 Stone Mining
30:09 Bodkin Arrow
31:09 Padded Archer Armor
35:37 Imperial Age
33:50 Ballistics
36:00 Heavy Cavalry Archer
37:06 Parthian Tactics
39:48 Conscription
随机便投
11:25 Feudal Age
14:31 Castle Age
12:34 Double-Bit Axe
12:59 Horse Collar
13:48 Loom
15:15 Wheelbarrow
16:02 Bow Saw
23:13 Gold Mining
23:19 Stone Mining
24:33 Hand Cart
25:28 Gold Shaft Mining
25:38 Stone Shaft Mining
28:53 Imperial Age
27:24 Forging
27:20 Scale Barding Armor
28:17 Bloodlines
27:29 Light Cavalry
28:48 Iron Casting
29:25 Husbandry
29:47 Chain Barding Armor
30:11 Heavy Plow
29:38 Elite Battle Elephant
29:40 Hussar
31:22 Blast Furnace
33:19 Plate Barding Armor
33:23 Fortified Wall
34:17 Chemistry
36:00 Conscription
35:46 Murder Holes
36:11 Ballistics
37:46 Crop Rotation
44:22 Elite Ballista Elephant
45:05 Double Crossbow
45:05 Tusk Swords
46:54 Hoardings
46:29 Siege Engineers
49:41 Coinage
TFS|Nappa
11:03 Feudal Age
14:39 Castle Age
12:54 Double-Bit Axe
13:24 Loom
14:27 Gold Mining
25:59 Wheelbarrow
28:37 Hand Cart
29:16 Bow Saw
34:53 Scale Mail Armor
35:25 Forging
35:02 Arson
40:02 Imperial Age
38:34 Iron Casting
38:14 Chain Mail Armor
38:03 Squires
37:57 Horse Collar
40:03 Elite Fire Lancer
41:00 Chain Mail Armor
41:11 Conscription
43:06 Plate Mail Armor
48:09 Eupseong
48:54 Fletching
49:38 Bodkin Arrow
52:53 Bracer
53:56 Chemistry
53:16 Ballistics
FM
10:32 Feudal Age
11:27 Double-Bit Axe
11:58 Horse Collar
16:47 Castle Age
18:10 Wheelbarrow
18:52 Fervor
19:06 Heavy Plow
20:39 Bow Saw
25:04 Hand Cart
30:46 Imperial Age
30:11 Chemistry
31:43 Siege Engineers
31:49 Fortified Wall
32:00 Ballistics
31:37 Pikeman
32:18 Squires
32:52 Halberdier
33:45 Scale Mail Armor
33:55 Forging
34:16 Conscription
35:18 Two-Man Saw
34:58 Chain Mail Armor
34:59 Wagenburg Tactics
36:27 Iron Casting
2307972140
0:28 Loom
10:21 Feudal Age
14:00 Castle Age
12:09 Double-Bit Axe
12:36 Horse Collar
15:01 Bow Saw
19:03 Wheelbarrow
20:48 Heavy Plow
22:11 Hand Cart
22:19 Stone Mining
22:30 Gold Mining
25:48 Gold Shaft Mining
25:52 Stone Shaft Mining
28:29 Imperial Age
25:46 Town Watch
26:20 Fletching
26:56 Ballistics
26:47 Masonry
26:53 Padded Archer Armor
27:43 Bodkin Arrow
28:04 Leather Archer Armor
28:25 Squires
28:40 Fortified Wall
29:34 Conscription
29:34 Bracer
30:06 Ring Archer Armor
30:38 Chemistry
30:09 Architecture
30:59 Two-Man Saw
30:50 Scale Mail Armor
30:55 Elite Chu Ko Nu
33:30 Great Wall
35:07 Elite Fire Lancer
36:05 Chain Mail Armor
36:02 Forging
36:14 Thumb Ring
36:26 Arson
38:45 Plate Mail Armor
38:52 Iron Casting
38:24 Pikeman
40:35 Blast Furnace
42:32 Halberdier
46:52 Murder Holes
46:19 Capped Ram
46:46 Man-at-Arms
47:01 Heavy Rocket Cart
47:18 Siege Ram
50:08 Rocketry
83716497273
10:46 Feudal Age
14:39 Castle Age
12:47 Double-Bit Axe
12:58 Horse Collar
17:22 Bow Saw
19:34 Wheelbarrow
23:48 Gold Mining
25:04 Gold Shaft Mining
25:35 Hand Cart
25:40 Stone Mining
29:12 Imperial Age
26:28 Loom
26:29 Town Watch
26:47 Scale Mail Armor
26:57 Forging
27:43 Chain Mail Armor
28:39 Fortified Wall
28:35 Heavy Plow
28:15 Pikeman
28:55 Squires
29:43 Iron Casting
30:30 Plate Mail Armor
29:22 Halberdier
30:37 Crop Rotation
29:53 Capped Ram
31:49 Blast Furnace
32:56 Two-Man Saw
31:21 Siege Ram
32:23 Fletching
32:47 Masonry
33:23 Druzhina
33:44 Conscription
33:52 Bodkin Arrow
34:05 Siege Engineers
35:16 Ballistics
35:57 Chemistry
39:03 Hoardings
39:12 Onager
39:40 Man-at-Arms
40:18 Long Swordsman
40:30 Siege Onager
40:56 Two-Handed Swordsman
42:48 Coinage
41:54 Champion
44:04 Banking
Connection lost

Rejoining the realm…

Still unreachable

The connection could not be restored.

Session expired

The server has moved on; the page needs a fresh start.